 Dungeon Crawl Stone Soup version 0.27.0-66-gdc8fb28755 (webtiles) character file.

Game seed: 454421663809900831

2007 Goblin1989 the Slicer (level 9, -11/65 HPs)
             Began as a Demonspawn Wanderer on Aug 20, 2021.
             Was a Follower of Uskayaw.
             Blown up by Pikel (26 damage)
             ... with a mindburst bolt
             ... on level 7 of the Dungeon.
             The game lasted 00:17:21 (8704 turns).

Goblin1989 the Slicer (Demonspawn Wanderer)         Turns: 8704, Time: 00:17:21

Health: -11/65     AC: 13    Str: 14    XL:     9   Next: 2%
Magic:  10/10      EV: 11    Int: 16    God:    Uskayaw [*.....]
Gold:   281        SH:  0    Dex: 12    Spells: 10/10 levels left

rFire    . . .     SeeInvis +   N - +0 rapier
rCold    + . .     Faith    .   (no shield)
rNeg     . . .     Spirit   .   P - +0 ring mail
rPois    .         Reflect  .   (helmet unavailable)
rElec    .         Harm     .   (no cloak)
rCorr    .         Rampage  .   F - +2 pair of gloves
Will     .....                  Q - +0 pair of boots
Stlth    +.........             (no amulet)
HPRegen  0.20/turn              m - +4 ring of protection
MPRegen  0.12/turn              c - ring of protection from cold

@: no status effects
A: antennae 3, powered by death 2
a: Renounce Religion, Stomp


You were on level 7 of the Dungeon.
You worshipped Uskayaw.
Uskayaw was noncommittal.
You visited 1 branch of the dungeon, and saw 7 of its levels.
You also visited: Sewer.

You collected 281 gold pieces.

Inventory:

Hand Weapons
 a - a +2 dagger
 g - a +2 dagger of speed
 N - a +0 rapier (weapon)
Missiles
 j - 146 stones (quivered) {@Q3}
 J - 23 poisoned darts
Armour
 F - a +2 pair of gloves (worn)
 P - a +0 ring mail (worn)
 Q - a +0 pair of boots (worn)
Jewellery
 c - a ring of protection from cold (right hand)
 m - a +4 ring of protection (left hand)
 K - a ring of willpower
Wands
 D - a wand of iceblast (10) {@v4}
 L - a wand of digging (1) {@v1}
Scrolls
 f - a scroll of silence
 E - a scroll of enchant weapon {unknown}
 G - a scroll of blinking {unknown}
 H - a scroll of summoning {unknown}
 M - 2 scrolls of magic mapping
 O - 2 scrolls of enchant armour {unknown}
 R - 6 scrolls of identify {@r1}
 S - 2 scrolls of amnesia {unknown}
 T - 3 scrolls of teleportation {!r, @r2}
 V - 2 scrolls of brand weapon {unknown}
Potions
 b - 3 potions of heal wounds {@q2}
 d - 2 potions of curing {@q1}
 i - 4 potions of might {@q4}
 l - a potion of attraction
 I - a potion of flight {unknown}
 U - a potion of mutation {!q}
 W - 2 potions of haste
 X - 3 potions of magic
 Y - a potion of invisibility {unknown}
 Z - 3 potions of brilliance {unknown}


   Skills:
 + Level 3.9 Fighting
 * Level 8.9 Short Blades
 - Level 1.7 Crossbows
 - Level 2.0 Throwing
 - Level 3.0 Armour
 + Level 3.2 Dodging
 - Level 1.0 Stealth
 - Level 1.0 Shields
 - Level 1.0 Spellcasting
 - Level 2.0 Poison Magic


You had 10 spell levels left.
You didn't know any spells.
Your spell library contained the following spells:

 Spells                   Type           Power      Damage    Failure   Level
 Pain                     Necr           0%         1d4       41%         1
 Agony                    Necr           0%         N/A       100%        5
 Excruciating Wounds      Necr           0%         N/A       100%        5


Dungeon Overview and Level Annotations

Branches:
Dungeon (7/15)              Sewer (visited)
 Temple: D:4-7

Altars:
Ashenzari
Kikubaaqudgha
Uskayaw
Yredelemnul

Annotations:
D:3 1 runed translucent door, Crazy Yiuf
D:7 Pikel


Innate Abilities, Weirdness & Mutations

You have a pair of large antennae on your head. (SInv)
You regenerate health from kills.


Message History

Pikel freezes you.
Pikel zaps a wand.
Your mind is blasted!
There is a stone staircase leading down here.
You take 22 damage, and have 43/65 hp.
MASSIVE DAMAGE!!
Unknown command.
Pikel zaps a wand.
You struggle to resist.
You climb downwards.
There is a stone staircase leading up here.
Unknown command.
You hit Pikel.
Pikel is lightly wounded.
Pikel closely misses you.
You completely miss Pikel.
Pikel is lightly wounded.
You hit Pikel.
Pikel is lightly wounded.
Pikel closely misses you.
You barely miss Pikel.
Pikel is lightly wounded.
Pikel zaps a wand.
Your mind is blasted!
You hit Pikel but do no damage.
Pikel is lightly wounded.
Pikel hits you with a +1 whip of freezing.
Pikel freezes you.
You take 8 damage, and have 36/65 hp.
You are too injured to fight recklessly!
You are too injured to fight recklessly!
You are too injured to fight recklessly!
You are too injured to fight recklessly!
You are too injured to fight recklessly!
You are too injured to fight recklessly!
You are too injured to fight recklessly!
You are too injured to fight recklessly!
You are too injured to fight recklessly!
You are too injured to fight recklessly!
You are too injured to fight recklessly!
You are too injured to fight recklessly!
You are too injured to fight recklessly!
You are too injured to fight recklessly!
You are too injured to fight recklessly!
You are too injured to fight recklessly!
You are too injured to fight recklessly!
You are too injured to fight recklessly!
You are too injured to fight recklessly!
You are too injured to fight recklessly!
You closely miss Pikel.
Pikel is lightly wounded.
Pikel hits you but does no damage.
You hit Pikel.
Pikel is lightly wounded.
You hit Pikel.
Pikel is moderately wounded.
Pikel hits you with a +1 whip of freezing.
Pikel freezes you.
You take 6 damage, and have 31/65 hp.
You barely miss Pikel.
Pikel is moderately wounded.
Pikel completely misses you.
You hit Pikel.
Pikel is moderately wounded.
Pikel closely misses you.
You can now pass through a line of other dancers.
You hit Pikel but do no damage.
Pikel is moderately wounded.
You barely miss Pikel.
Pikel is moderately wounded.
Pikel closely misses you.
You closely miss Pikel.
Pikel is moderately wounded.
Pikel says, "You'll make a fine lemure."
Pikel closely misses you.
You hit Pikel but do no damage.
Pikel is moderately wounded.
Pikel hits you but does no damage.
You closely miss Pikel.
Pikel is moderately wounded.
You can no longer pass through a line of other dancers.
You barely miss Pikel.
Pikel is moderately wounded.
Pikel closely misses you.
You miss Pikel.
Pikel is moderately wounded.
Pikel hits you but does no damage.
You hit Pikel but do no damage.
Pikel is moderately wounded.
Pikel closely misses you.
You closely miss Pikel.
Pikel is moderately wounded.
You hit Pikel but do no damage.
Pikel is moderately wounded.
Pikel hits you with a +1 whip of freezing.
You take 2 damage, and have 30/65 hp.
You hit Pikel but do no damage.
Pikel is moderately wounded.
Pikel zaps a wand.
Your mind is blasted!
* * * LOW HITPOINT WARNING * * *
You take 15 damage, and have 15/65 hp.
MASSIVE DAMAGE!!
You hit Pikel.
Pikel is moderately wounded.
Pikel zaps a wand.
Your mind is blasted!
You die...

██ .. █. █
█. █.. █.
█....█.███
█...)K@█
█..█[███ █
█. .. █..
█.. █..
...


You could see Pikel.

Vanquished Creatures
  Eustachio (D:4)
  Menkaure (D:4)
  A necrophage (D:3)
  3 phantoms
  2 lemures (D:7)
  A bullfrog (D:6)
  3 scorpions
  2 water moccasin zombies (D:5)
  A howler monkey (D:4)
  3 bullfrog zombies
  5 hounds
  A jelly (D:4)
  4 orc priests
  3 iguanas
  A centaur skeleton (D:5)
  Ijyb (D:4)
  An orc wizard (D:6)
  A killer bee zombie (D:6)
  A hound skeleton (D:4)
  Robin (D:2)
  13 gnolls
  2 howler monkey skeletons
  6 river rats (Sewer)
  9 adders
  An ufetubus (D:3)
  An adder skeleton (D:4)
  A worm (D:2)
  7 dart slugs
  13 orcs
  9 bats
  9 endoplasms
  6 giant cockroaches
  17 goblins
  6 hobgoblins
  4 jackals (D:1)
  2 quokkas (D:3)
  11 ball pythons
  3 frilled lizards
  21 kobolds
  24 rats
202 creatures vanquished.

Vanquished Creatures (others)
  2 plants (D:4)
2 creatures vanquished.

Grand Total: 204 creatures vanquished

Notes
Turn   | Place    | Note
-------+----------+-------------------------------------------
     0 | D:1      | Goblin1989 the Demonspawn Wanderer began the quest for the
                  | Orb.
     0 | D:1      | Goblin1989 set off with the following items: a +2 dagger, a
                  | potion of heal wounds {@q2}, a +0 ring mail, a potion of
                  | curing {@q1}
     0 | D:1      | Reached XP level 1. HP: 15/15 MP: 2/2
   150 | D:1      | Reached skill level 1 in Short Blades
   263 | D:1      | Gained mutation: You regenerate a little health from kills.
                  | [demonic ancestry]
   263 | D:1      | Reached XP level 2. HP: 21/21 MP: 3/3
   295 | D:1      | Reached skill level 2 in Short Blades
   757 | D:1      | Gained mutation: You have a pair of small antennae on your
                  | head. [demonic ancestry]
   757 | D:1      | Reached XP level 3. HP: 25/26 MP: 4/4
   990 | D:1      | Found a faded altar of an unknown god.
  1293 | D:2      | Reached skill level 3 in Short Blades
  1424 | D:2      | Gained mutation: You regenerate health from kills. [demonic
                  | ancestry]
  1424 | D:2      | Reached XP level 4. HP: 23/32 MP: 5/5
  1739 | D:2      | Noticed Robin
  1796 | D:2      | Reached skill level 4 in Short Blades
  1850 | D:2      | Killed Robin
  1928 | D:2      | Reached XP level 5. HP: 37/37 MP: 6/6
  2371 | D:3      | Found a hide-covered altar of Uskayaw.
  2372 | D:3      | Found a basalt altar of Yredelemnul.
  2377 | D:3      | Became a worshipper of Uskayaw the Reveller
  2412 | D:3      | Found a glowing drain.
  2425 | D:3      | Reached * piety under Uskayaw
  2438 | Sewer    | Entered a sewer
  2473 | Sewer    | Reached ** piety under Uskayaw
  2662 | Sewer    | Reached *** piety under Uskayaw
  2704 | Sewer    | Reached skill level 5 in Short Blades
  2704 | Sewer    | Reached **** piety under Uskayaw
  2742 | Sewer    | Reached ***** piety under Uskayaw
  2845 | Sewer    | Reached XP level 6. HP: 40/43 MP: 7/7
  3415 | D:3      | Found a runed translucent door.
  3416 | D:3      | Noticed Crazy Yiuf
  3477 | D:3      | Reached skill level 6 in Short Blades
  3517 | D:3      | Found a broken altar of Ashenzari.
  4257 | D:4      | Noticed Eustachio
  4258 | D:4      | Noticed Ijyb
  4279 | D:4      | Killed Eustachio
  4280 | D:4      | Gained mutation: You have a pair of antennae on your head.
                  | [demonic ancestry]
  4280 | D:4      | Reached XP level 7. HP: 42/48 MP: 8/8
  4306 | D:4      | Killed Ijyb
  4307 | D:4      | Reached skill level 7 in Short Blades
  5271 | D:4      | Noticed Menkaure
  5296 | D:4      | Killed Menkaure
  5297 | D:4      | Reached skill level 1 in Throwing
  5297 | D:4      | Reached skill level 1 in Dodging
  5477 | D:4      | Gained mutation: You have a pair of large antennae on your
                  | head. (SInv) [demonic ancestry]
  5477 | D:4      | Reached XP level 8. HP: 25/56 MP: 9/9
  5681 | D:5      | Entered Level 5 of the Dungeon
  6493 | D:5      | Reached skill level 8 in Short Blades
  7184 | D:6      | Noticed a two-headed ogre
  7898 | D:5      | HP: 1/58 [orc priest/nerve-wracking pain (10)]
  8313 | D:6      | Found an ancient bone altar of Kikubaaqudgha.
  8372 | D:6      | Noticed Pikel
  8601 | D:7      | Reached XP level 9. HP: 56/65 MP: 10/10
  8704 | D:7      | Blown up by Pikel

Illustrated notes

Levels and vault maps discovered:
D:1:      erik_arrival_orb_chamber, layout_loops_ring,
          hellmonk_ecumenical_altar_leap_of_faith, dk_noncrumbling_2
D:2:      kennysheep_big_flooded_room, layout_loops_cross, uniq_robin
D:3:      layout_basic, mainiacjoe_overflow_boulevard, minitemple,
          portal_sewer_entry_f, uniq_crazy_yiuf_cottage
D:4:      layout_basic, serial_forest, infiniplex_forest_lined_corner,
          infiniplex_forest_lined_2, infiniplex_forest_clump_small,
          infiniplex_forest_lined_corner, infiniplex_forest_clump_curved,
          infiniplex_forest_corner_1, infiniplex_forest_zigzag_2, uniq_menkaure,
          uniq_ijyb, uniq_eustachio
D:5:      layout_rooms, minmay_misc_feat_x
D:6:      layout_loops_ring, kiku_gazebo_pond_becter,
          minmay_temple_entry_proselytizer, uniq_pikel
D:7:      minmay_the_grid_octo_2x2 [minmay_the_grid_octo_teeth,
          minmay_the_grid_octo_clover, minmay_the_grid_octo_pinwheel,
          minmay_the_grid_octo_prize_single_spiral], layout_basic,
          elyvilon_altar_3, serial_co_window_serial, co_window_corner_a,
          co_window_paths_a, co_window_corner_a, co_window_of_opportunity_a,
          co_window_of_opportunity_a, co_window_paths_a,
          co_window_of_opportunity_b, co_window_2corner, co_window_paths_c,
          co_window_paths_c, co_window_paths_c, glass_columns_a,
          glass_columns_c, glass_columns_a, glass_columns_b, glass_columns_b

Skill      XL: |  1  2  3  4  5  6  7  8 |
---------------+-------------------------+-----
Short Blades   | 1 2 3 4 5 6 7 8 |  8.9
Armour         | 2 3 |  3.0
Throwing       | 1 2 |  2.0
Dodging        | 1 3 |  3.2
Fighting       | 2 3 |  3.9
Crossbows      | |  1.7
Stealth        | |  1.0
Shields        | |  1.0
Spellcasting   | |  1.0
Poison Magic   | |  2.0

Action                   |  1- 3 |  4- 6 |  7- 9 || total
-------------------------+-------+-------+-------++-------
Melee: Dagger            |   172 |   478 |    50 ||   700
       Rapier            |       |       |   511 ||   511
Throw: Dart              |       |       |     4 ||     4
       Stone             |       |       |     5 ||     5
  Use: Scroll            |       |     9 |       ||     9
       Potion            |       |       |     3 ||     3
 Stab: Paralysed         |       |     1 |     4 ||     5
Armor: Ring mail         |    67 |   172 |   218 ||   457
Dodge: Dodged            |    60 |   189 |   247 ||   496
